 Dungeon Crawl Stone Soup version 0.29-a0-757-g358383b (webtiles) character file.

Game seed: 13183587368721434684

399 Illumine the Slasher (level 6, 0/53 HPs)
             Began as a Gnoll Cinder Acolyte on June 30, 2022.
             Was a High Priest of Ignis.
             Slain by an adder (1 damage)
             ... on level 5 of the Dungeon.
             The game lasted 00:05:19 (4471 turns).

Illumine the Slasher (Gnoll Cinder Acolyte)         Turns: 4471, Time: 00:05:20

Health: 0/53       AC:  3    Str: 13    XL:     6   Next: 84%
Magic:  11/11      EV: 12    Int: 17    God:    Ignis [*****.]
Gold:   230        SH:  0    Dex:  9    Spells: 10/12 levels left

rFire   + . .      SeeInvis +   a - +7 trident of Checks and Balances {holy, Int+3}
rCold   . . .      Faith    .   (no shield)
rNeg    . . .      Spirit   .   p - +0 robe
rPois   .          Reflect  .   o - +0 helmet {SInv}
rElec   .          Harm     .   (no cloak)
rCorr   .          Rampage  .   (no gloves)
Will    .....                   (no boots)
Stlth   ++........              (no amulet)
HPRegen 0.17/turn               (no ring)
MPRegen 0.12/turn               (no ring)

@: lethally poisoned (0 -> -3)
A: fangs 1, strong nose, distributed training
a: Renounce Religion, Fiery Armour, Foxfire Swarm, Rising Flame


You were on level 5 of the Dungeon.
You worshipped Ignis.
Ignis was extremely pleased with you.
You visited 1 branch of the dungeon, and saw 5 of its levels.

You collected 230 gold pieces.

Inventory:

Hand Weapons
 a - the +7 trident of Checks and Balances (weapon) {holy, Int+3}
   (You found it on level 4 of the Dungeon)

   It has been blessed by the Shining One to cause great damage to the undead
   and demons.
   Int:       It affects your intelligence (+3).
 b - a +0 longbow
 r - a -1 falchion of flaming
Armour
 o - a +0 helmet of see invisible (worn)
 p - a +0 robe (worn)
Wands
 m - a wand of paralysis (5)
Scrolls
 c - 2 scrolls of poison {unknown}
 e - 3 scrolls of enchant armour {unknown}
 g - a scroll of amnesia {unknown}
 h - 6 scrolls of identify {unknown}
 i - a scroll of blinking {unknown}
 k - 3 scrolls of fog {unknown}
 l - 3 scrolls of teleportation {unknown}
 q - a scroll of immolation {unknown}
 s - a scroll of vulnerability {unknown}
Potions
 d - a potion of attraction {unknown}
 f - a potion of ambrosia {unknown}
 j - 2 potions of curing {unknown}
 n - 2 potions of brilliance {unknown}


   Skills:
 + Level 6.9 Fighting
 + Level 2.2 Short Blades
 + Level 6.9 Long Blades
 + Level 2.2 Axes
 + Level 2.2 Maces & Flails
 + Level 2.2 Polearms
 + Level 2.2 Staves
 + Level 2.2 Ranged Weapons
 + Level 2.2 Throwing
 + Level 2.2 Armour
 + Level 2.2 Dodging
 + Level 2.2 Stealth
 + Level 2.2 Shields
 + Level 2.2 Unarmed Combat
 + Level 3.6 Spellcasting
 + Level 1.8 Conjurations
 + Level 1.8 Hexes
 + Level 1.8 Summonings
 + Level 1.8 Necromancy
 + Level 1.8 Translocations
 + Level 1.8 Transmutations
 + Level 5.7 Fire Magic
 + Level 1.8 Ice Magic
 + Level 1.8 Air Magic
 + Level 1.8 Earth Magic
 + Level 1.8 Poison Magic
 + Level 2.4 Invocations
 + Level 2.2 Evocations


You had 10 spell levels left.
You knew the following spells:

 Your Spells              Type           Power      Damage    Failure   Level
a - Scorch                Fire           44%        2d7       2%          2

Your spell library contained the following spells:

 Spells                   Type           Power      Damage    Failure   Level
 Slow                     Hex            36%        N/A       8%          1
 Summon Small Mammal      Summ           36%        N/A       8%          1
 Call Canine Familiar     Summ           9%         N/A       24%         3
 Confusing Touch          Hex            9%         N/A       24%         3
 Dazzling Flash           Conj/Hex       18%        N/A       24%         3
 Portal Projectile        Hex/Tloc       18%        N/A       24%         3
 Summon Guardian Golem    Hex/Summ       9%         N/A       24%         3
 Vampiric Draining        Necr           9%         2d6       24%         3
 Iskenderun's Mystic Bla  Conj/Tloc      9%         2d4       61%         4
 Leda's Liquefaction      Hex/Erth       4%         N/A       61%         4
 Starburst                Conj/Fire      7%         6d4       99%         6


Dungeon Overview and Level Annotations

Branches:
Dungeon (5/15)             Temple (0/1) D:4

Altars:
Ru

Annotations:
D:5 Grinder


Innate Abilities, Weirdness & Mutations

You have very sharp teeth.
Your uncanny sense of smell can sniff out nearby items.
Your experience applies equally to all skills.


Message History

You feel sick. The adder bites you but does no damage.
You barely miss the adder.
The adder is lightly wounded.
You feel sick. The adder bites you but does no damage.
Grinder closely misses you. The adder bites you but does no damage.
Unknown command.
You puncture Grinder!
Grinder convulses!
Grinder is heavily wounded.
You feel sick. Grinder gestures at you. You resist with significant effort.
The adder bites you but does no damage.
You hit Grinder.
Grinder convulses.
Your bite misses Grinder.
Grinder is severely wounded.
You feel sick. The adder bites you but does no damage. Grinder gestures at you.
You suddenly lose the ability to move!
The adder bites you but does no damage. Grinder hits you.
You writhe in agony.
You feel sick.
You are no longer poisoned.
The adder bites you. Grinder hits you!
You writhe in agony.
The adder bites you.
Grinder says, "You look like you could use a good racking."
Grinder hits you.
You writhe in agony.
* * * LOW HITPOINT WARNING * * *
The adder barely misses you. The adder bites you.
* * * LOW HITPOINT WARNING * * *
Grinder blinks!
The adder bites you.
* * * LOW HITPOINT WARNING * * *
You are poisoned.
The adder poisons you! Grinder hits you.
* * * LOW HITPOINT WARNING * * *
You can move again.
Unknown command.
You hit Grinder but do no damage.
Grinder is severely wounded.
* * * LOW HITPOINT WARNING * * *
You feel sick. The adder barely misses you.
Grinder blinks!
The adder bites you.
You die...

.### . ...
.#..# ...?
#..#####
#...5#.###..
#..S§...?...
#<..@.#
###§..#
#.#.# ∆∆
#.#.## ∆
#.#..##
#.##..# #.
##.########
#.
#.........
##........


You could see Grinder and an adder.

Vanquished Creatures
  A black bear (D:4)
  A phantom (D:4)
  A gnoll shaman (D:4)
  Terence (D:3)
  4 gnolls
  6 adders
  A white imp (D:4)
  A worm (D:2)
  A dart slug (D:2)
  3 orcs
  7 endoplasms
  A giant cockroach (D:3)
  6 goblins
  7 hobgoblins
  9 kobolds
  6 quokkas
  10 ball pythons
  6 bats
  7 frilled lizards
  3 rats
82 creatures vanquished.

Notes
Turn   | Place    | Note
-------+----------+-------------------------------------------
     0 | D:1      | Illumine the Gnoll Cinder Acolyte began the quest for the
                  | Orb.
     0 | D:1      | Reached XP level 1. HP: 23/23 MP: 4/4
   324 | D:1      | Reached XP level 2. HP: 28/29 MP: 5/5
   335 | D:1      | Learned a level 2 spell: Scorch
  1147 | D:2      | Found a faded altar of an unknown god.
  1149 | D:2      | Reached XP level 3. HP: 35/35 MP: 4/7
  1279 | D:2      | Found a sacrificial altar of Ru.
  1288 | D:2      | Reached skill level 1 in Invocations
  1587 | D:2      | Reached skill level 1 in Short Blades
  1587 | D:2      | Reached skill level 1 in Axes
  1587 | D:2      | Reached skill level 1 in Maces & Flails
  1587 | D:2      | Reached skill level 1 in Polearms
  1587 | D:2      | Reached skill level 1 in Staves
  1587 | D:2      | Reached skill level 1 in Ranged Weapons
  1587 | D:2      | Reached skill level 1 in Throwing
  1587 | D:2      | Reached skill level 1 in Armour
  1587 | D:2      | Reached skill level 1 in Dodging
  1587 | D:2      | Reached skill level 1 in Stealth
  1587 | D:2      | Reached skill level 1 in Shields
  1587 | D:2      | Reached skill level 1 in Unarmed Combat
  1587 | D:2      | Reached skill level 1 in Evocations
  1993 | D:2      | Reached XP level 4. HP: 41/41 MP: 1/8
  2525 | D:3      | Reached skill level 1 in Conjurations
  2525 | D:3      | Reached skill level 1 in Hexes
  2525 | D:3      | Reached skill level 1 in Summonings
  2525 | D:3      | Reached skill level 1 in Necromancy
  2525 | D:3      | Reached skill level 1 in Translocations
  2525 | D:3      | Reached skill level 1 in Transmutations
  2525 | D:3      | Reached skill level 1 in Ice Magic
  2525 | D:3      | Reached skill level 1 in Air Magic
  2525 | D:3      | Reached skill level 1 in Earth Magic
  2525 | D:3      | Reached skill level 1 in Poison Magic
  3170 | D:3      | Noticed Terence
  3177 | D:3      | Killed Terence
  3178 | D:3      | Reached XP level 5. HP: 47/47 MP: 0/9
  3805 | D:4      | Reached XP level 6. HP: 42/53 MP: 2/11
  3957 | D:4      | Noticed a black bear
  3991 | D:4      | Identified the +7 trident of Checks and Balances {holy,
                  | Int+3}
  4066 | D:4      | Killed a black bear
  4286 | D:4      | Found a staircase to the Ecumenical Temple.
  4444 | D:5      | Entered Level 5 of the Dungeon
  4457 | D:5      | Noticed Grinder
  4466 | D:5      | Paralysed by Grinder for 5 turns
  4471 | D:5      | HP: 1/53 [poisoned by an adder]
  4471 | D:5      | Slain by an adder

Illustrated notes

Levels and vault maps discovered:
D:1:      psy_arrival_radial02, layout_loops_ring,
          amcnicky_mini_rare_corridor_liquid, minmay_domino_2
D:2:      wad_crossroads, layout_basic, basic_altar,
          nicolae_ecumenical_oubliette
D:3:      layout_rooms, minmay_statues_item, st_stairs_3,
          corexii_leaking_fountain, chequers_serial_rivers_small_3,
          kennysheep_another_room, uniq_terence
D:4:      layout_cave_pools, minmay_temple_entry_antechambers
D:5:      layout_rooms, uniq_ijyb, uniq_grinder, uniq_menkaure

Skill      XL: |  1  2  3  4  5  6 |
---------------+-------------------+-----
Invocations    | 1 2 |  2.4
Short Blades   | 1 2 |  2.2
Axes           | 1 2 |  2.2
Maces & Flails | 1 2 |  2.2
Polearms       | 1 2 |  2.2
Staves         | 1 2 |  2.2
Ranged Weapons | 1 2 |  2.2
Throwing       | 1 2 |  2.2
Armour         | 1 2 |  2.2
Dodging        | 1 2 |  2.2
Stealth        | 1 2 |  2.2
Shields        | 1 2 |  2.2
Unarmed Combat | 1 2 |  2.2
Evocations     | 1 2 |  2.2
Spellcasting   | 3 |  3.6
Conjurations   | 1 |  1.8
Hexes          | 1 |  1.8
Summonings     | 1 |  1.8
Necromancy     | 1 |  1.8
Translocations | 1 |  1.8
Transmutations | 1 |  1.8
Ice Magic      | 1 |  1.8
Air Magic      | 1 |  1.8
Earth Magic    | 1 |  1.8
Poison Magic   | 1 |  1.8
Fighting       | |  6.9
Long Blades    | |  6.9
Fire Magic     | |  5.7

Action                   |  1- 3 |  4- 6 || total
-------------------------+-------+-------++-------
Melee: Falchion          |    58 |    14 ||    72
       Bite              |     2 |     3 ||     5
       Trident           |       |    14 ||    14
 Fire: Longbow           |       |    16 ||    16
 Cast: Scorch            |    29 |    48 ||    77
Armor: Robe              |    11 |    17 ||    28
Dodge: Dodged            |    32 |    28 ||    60

Table legend: (Time is in decaauts)
 A = Elapsed time spent in this place.
 B = Non-inter-level travel time spent in this place.
 C = Inter-level travel time spent in this place.
 D = Time resting spent in this place.
 E = Time spent auto-exploring this place.
 F = Levels seen in this place.
 G = Mean time per level.
                   A        B        C        D        E       F      G
               +--------+--------+--------+--------+--------+-----+--------+
         Total |   4479 |   4332 |    147 |    281 |   3458 |   5 |  895.8 |
       Dungeon |   4479 |   4332 |    147 |    281 |   3458 |   5 |  895.8 |
               +--------+--------+--------+--------+--------+-----+--------+

Top non-repeatable levels by time:
     D:1: 1272 daAuts
     D:2: 1220 daAuts
     D:3: 1145 daAuts
     D:4: 813 daAuts
     D:5: 28 daAuts
